 Dungeon Crawl Stone Soup version 0.29.1-13-g9f3cf754e1 (webtiles) character file.

Game seed: 434676210399805199

287 LLlMATKO the Trooper (level 6, -6/56 HPs)
             Began as a Minotaur Berserker on Dec 28, 2022.
             Was a Believer of Trog.
             Mangled by Sigmund
             ... wielding a +0 scythe
              (8 damage)
             ... on level 4 of the Dungeon on Jan 29, 2023.
             The game lasted 00:03:14 (3645 turns).

LLlMATKO the Trooper (Minotaur Berserker)           Turns: 3645, Time: 00:03:14

Health: -6/56      AC:  9    Str: 23    XL:     6   Next: 8%
Magic:  5/5        EV:  9    Int:  4    God:    Trog [**....]
Gold:   89         SH:  0    Dex: 10    Spells: 5/5 levels left

rFire   . . .      SeeInvis .   a - +0 hand axe
rCold   . . .      Faith    .   (no shield)
rNeg    . . .      Spirit   .   o - +0 chain mail
rPois   .          Reflect  .   (helmet restricted)
rElec   .          Harm     .   (no cloak)
rCorr   .          Rampage  .   (no gloves)
Will    .....                   (no boots)
Stlth   ..........              (no amulet)
HPRegen 0.18/turn               (no ring)
MPRegen 0.09/turn               (no ring)

@: no status effects
A: horns 2, retaliatory headbutt
a: Renounce Religion, Berserk, Trog's Hand


You were on level 4 of the Dungeon.
You worshipped Trog.
Trog was pleased with you.
You visited 1 branch of the dungeon, and saw 4 of its levels.

You collected 89 gold pieces.

Inventory:

Hand Weapons
 a - a +0 hand axe (weapon)
Missiles
 b - 6 boomerangs
 f - 3 curare-tipped darts (quivered)
Armour
 o - a +0 chain mail (worn)
Jewellery
 l - a ring of magical power
Wands
 r - a wand of roots (6)
Scrolls
 d - a scroll of fear {unknown}
 e - a scroll of vulnerability {unknown}
 g - a scroll of noise {unknown}
 h - 4 scrolls of identify {unknown}
 i - a scroll of enchant weapon {unknown}
 q - a scroll of blinking {unknown}
Potions
 c - a potion of mutation {unknown}
 j - 2 potions of curing {unknown}
 k - 2 potions of ambrosia {unknown}
 m - 2 potions of berserk rage {unknown}
 n - a potion of heal wounds {unknown}
 p - a potion of haste {unknown}


   Skills:
 + Level 5.2 Fighting
 + Level 5.1 Axes
 + Level 4.3 Armour
 + Level 3.9 Dodging


You had 5 spell levels left.
You didn't know any spells.
Your spell library was empty.

Dungeon Overview and Level Annotations

Branches:
Dungeon (4/15)
 Temple: D:4-7

Altars:
Vehumet
Zin

Annotations:
D:4 Sigmund


Innate Abilities, Weirdness & Mutations

You have a pair of horns on your head.
You reflexively headbutt those who attack you in melee.


Message History

Sigmund gestures wildly while chanting.
Sigmund flickers and vanishes!
Deactivating autopickup; reactivate with Ctrl-A.
No target in view!
No target in view!
No target in view!
No target in view!
No target in view!
No target in view!
No target in view!
No target in view!
No target in view!
Found 7 gold pieces and a book of Dangerous Friends.
Found a glowing silver altar of Zin.
You see here a giant cockroach corpse.
Something hits you but does no damage. Something hits you. Something hits you!
Something completely misses you.
You hear some strange, mumbled words.
Something tries to affect you, but you resist.
Something hits you! Something hits you but does no damage. Something hits you.
Something hits you but does no damage.
You hear some strange, mumbled words.
A puff of flame appears from out of thin air!
The puff of flame hits you. Something hits you! Something hits you.
Something hits you.
* * * LOW HITPOINT WARNING * * *
You hear some strange, mumbled words.
A puff of flame appears from out of thin air!
The puff of flame hits you!
* * * LOW HITPOINT WARNING * * *
Something hits you.
* * * LOW HITPOINT WARNING * * *
Something hits you!
You die...

#..PPPP....#
.............+
#...###.###..#
... ....##..##
###.####.+....#
#.....##......#
.......#..#####
.......#†###
..._$..@...#
......{#...#
.......#...#
#:....##...#
###.## #...#
... ...## #..
##.. .. ..


There were no monsters in sight!

Vanquished Creatures
  Jessica (D:2)
  Natasha (thrice) (D:3)
  9 adders
  4 gnolls (D:2)
  5 dart slugs
  4 orcs (D:2)
  2 endoplasms (D:1)
  5 giant cockroaches
  5 goblins
  5 hobgoblins
  4 kobolds
  A quokka (D:1)
  7 ball pythons
  2 bats
  3 frilled lizards (D:2)
  5 rats
65 creatures vanquished.

Notes
Turn   | Place    | Note
-------+----------+-------------------------------------------
     0 | D:1      | LLlMATKO the Minotaur Berserker began the quest for the
                  | Orb.
     0 | D:1      | Reached XP level 1. HP: 19/19 MP: 0/0
   229 | D:1      | Reached XP level 2. HP: 19/27 MP: 1/1
  1233 | D:2      | Noticed Jessica
  1239 | D:2      | Killed Jessica
  1240 | D:2      | Reached XP level 3. HP: 27/33 MP: 2/2
  1474 | D:2      | Reached XP level 4. HP: 41/41 MP: 3/3
  1644 | D:2      | Reached ** piety under Trog
  1965 | D:2      | Reached XP level 5. HP: 39/47 MP: 4/4
  2277 | D:3      | Found a faded altar of an unknown god.
  2348 | D:3      | Identified the +0 robe of Loss {rElec}
  2432 | D:3      | Found a radiant altar of Vehumet.
  2726 | D:3      | Noticed Natasha
  2735 | D:3      | Killed Natasha
  2736 | D:3      | Reached skill level 5 in Fighting
  2736 | D:3      | Reached skill level 5 in Axes
  3002 | D:3      | Noticed Natasha
  3009 | D:3      | Killed Natasha
  3165 | D:3      | Found a radiant altar of Vehumet.
  3178 | D:3      | Noticed Natasha
  3189 | D:3      | Killed Natasha
  3190 | D:3      | Reached XP level 6. HP: 56/56 MP: 5/5
  3308 | D:3      | Found a faded altar of an unknown god.
  3611 | D:4      | Upgraded the game from 0.29.1-12-g30fa7ad0bf to
                  | 0.29.1-13-g9f3cf754e1
  3618 | D:4      | Noticed Sigmund
  3623 | D:4      | Found a glowing silver altar of Zin.
  3644 | D:4      | HP: 2/56 [something (5)]
  3645 | D:4      | Mangled by Sigmund

Illustrated notes

Levels and vault maps discovered:
D:1:      lightli_arrival_statue_moat, layout_basic
D:2:      layout_loops_cross, wad_orctagon, uniq_jessica
D:3:      layout_rooms, overflow_temple_1_default,
          hellmonk_ecumenical_altar_blasted, nicolae_figureground_pulse,
          uniq_natasha
D:4:      layout_gridville, lemuel_tele_altar, old_standard_altar,
          mainiacjoe_overflow_boulevard, uniq_duvessa, uniq_sigmund,
          uniq_eustachio

Skill      XL: |  1  2  3  4  5 |
---------------+----------------+-----
Fighting       | 4 5 |  5.2
Axes           | 4 5 |  5.1
Armour         | 3 4 |  4.3
Dodging        | 3 |  3.9

Action                   |  1- 3 |  4- 6 || total
-------------------------+-------+-------++-------
Melee: Hand axe          |    49 |    95 ||   144
       Headbutt          |     7 |    11 ||    18
       Punch             |     1 |       ||     1
Invok: Berserk           |     1 |     4 ||     5
 Stab: Sleeping          |     1 |       ||     1
Armor: Animal skin       |     6 |       ||     6
       Ring mail         |     3 |    14 ||    17
       Chain mail        |       |    45 ||    45
Dodge: Dodged            |    35 |    57 ||    92
